 Dungeon Crawl Stone Soup version 0.30.0-29-ga12c61a403 (webtiles) character file.

Game seed: 1246333653770864584

84 croobank the Chiller (level 4, -6/32 HPs)
             Began as a Demonspawn Ice Elementalist on June 23, 2023.
             Mangled by Grinder (8 damage)
             ... on level 3 of the Dungeon.
             The game lasted 00:06:28 (2296 turns).

croobank the Chiller (Demonspawn Ice Elementalist)  Turns: 2296, Time: 00:06:28

Health: -6/32      AC:  6    Str:  8    XL:     4   Next: 23%
Magic:  5/7        EV: 12    Int: 21    God:
Gold:   136        SH:  0    Dex: 14    Spells: 4/8 levels left

rFire   . . .        t - +5 dagger of the Shark {vamp, rC- rN+ Will+ Int+3}
rCold   x . .        (no shield)
rNeg    + . .        a - +0 robe
rPois   .            q - +2 hat
rElec   .            (no cloak)
rCorr   .            (no gloves)
SInv    .            (no boots)
Will    +....        (no amulet)
Stlth   ++           (no ring)
HPRegen 0.25/turn    (no ring)
MPRegen 0.10/turn

%: no passive effects
@: mighty
A: yellow scales 1, spiny 1
a: no special abilities


You were on level 3 of the Dungeon.
You visited 1 branch of the dungeon, and saw 3 of its levels.

You collected 136 gold pieces.

Inventory:

Hand Weapons
 d - a +0 dagger
 h - a +0 short sword
 t - the +5 dagger of the Shark (weapon) {vamp, rC- rN+ Will+ Int+3}
   (You found it on level 2 of the Dungeon)

   Int:       It affects your intelligence (+3).
   rC:        It makes you vulnerable to cold.
   rN:        It protects you from negative energy.
   Will:      It increases your willpower.
 u - a +0 arbalest
Missiles
 i - 7 boomerangs
Armour
 a - a +0 robe (worn)
 g - a +0 ring mail
 q - a +2 hat (worn)
Magical Staves
 n - a staff of fire
Jewellery
 s - an amulet of faith
Wands
 k - a wand of flame (14)
Scrolls
 l - a scroll of noise
 p - a scroll of poison {unknown}
 r - a scroll of identify {unknown}
Potions
 b - a potion of magic
 c - a potion of might
 e - 2 potions of flight {unknown}
 f - a potion of cancellation {unknown}
 j - 2 potions of heal wounds {unknown}
 m - a potion of lignification {unknown}
 o - a potion of curing {unknown}


   Skills:
 + Level 1.3 Fighting
 + Level 2.4 Dodging
 + Level 2.5 Stealth
 + Level 2.6 Spellcasting
 + Level 4.0 Ice Magic


You had 4 spell levels left.
You knew the following spells:

 Your Spells              Type           Power      Damage    Failure   Level
a - Freeze                Ice            76%        1d8       2%          1
b - Frozen Ramparts       Ice            38%        1d6       9%          3

Your spell library contained the following spells:

 Spells                   Type           Power      Damage    Failure   Level
 Ozocubu's Armour         Ice            19%        N/A       9%          3
 Sublimation of Blood     Necr           2%         N/A       22%         2
 Summon Ice Beast         Ice/Summ       11%        N/A       52%         4
 Cause Fear               Hex            1%         N/A       80%         4
 Petrify                  Tmut/Erth      2%         N/A       80%         4
 Irradiate                Conj/Tmut      1%         3d12      98%         5
 Dragon Form              Tmut           1%         N/A       100%        7
 Dragon's Call            Summ           1%         N/A       100%        9


Dungeon Overview and Level Annotations

Branches:
Dungeon (3/15)

Altars:

Shops:
D:1 (

Annotations:
D:3 Grinder


Innate Abilities, Weirdness & Mutations

You are partially covered in yellow scales. (AC +2)
You are partially covered in sharp spines.


Message History

Grinder comes into view.
She is carrying a wand of flame (4).
Found a stone staircase leading up.
You see here 6 gold pieces.
Grinder gestures at you. Pain shoots through your body!
Casting: Freeze (safe; 2% risk of failure)
Confirm with . or Enter, or press ? or * to list all spells.
Aiming: Freeze (safe; 2% risk of failure)
Press: ? - help, Shift-Dir - straight line, f - Grinder
Aim: Grinder, carrying a wand of flame (4)
You freeze Grinder but do no damage.
Grinder completely resists.
Grinder zaps a wand.
The puff of flame hits you.
You hit Grinder. Your punch misses Grinder.
Grinder is lightly wounded.
Grinder hits you!
You writhe in agony.
You puncture Grinder!
Grinder is moderately wounded.
Grinder gestures at you.
You easily resist.
You hit Grinder.
Grinder is moderately wounded.
Grinder closely misses you.
Casting: Freeze (safe; 2% risk of failure)
Confirm with . or Enter, or press ? or * to list all spells.
Aiming: Freeze (safe; 2% risk of failure)
Press: ? - help, Shift-Dir - straight line, f/p - Grinder
Aim: Grinder, carrying a wand of flame (3) (moderately wounded)
You freeze Grinder but do no damage.
Grinder completely resists.
Grinder is struck by your spines. Grinder hits you!
* * * LOW HITPOINT WARNING * * *
You writhe in agony.
* * * LOW HITPOINT WARNING * * *
Okay, then.
Casting: Freeze (safe; 2% risk of failure)
Confirm with . or Enter, or press ? or * to list all spells.
Okay, then.
It was a potion of might.
You feel very mighty all of a sudden. Grinder is struck by your spines.
Grinder hits you!
You die...

###########
#..##.†..... #......#
#.#####..... #......#
#.# #....
#......####.###.....##
#...............# .#
###......###.###### #
..?.......###.#
#########.$...#
#.@.##### #5### ..<
#..## #.# #. #


You could see Grinder.

Vanquished Creatures
  2 adders
  3 worms (D:2)
  4 endoplasms
  3 giant cockroaches
  2 goblins
  6 hobgoblins
  4 quokkas
  8 ball pythons
  5 bats
  A frilled lizard (D:3)
  6 kobolds
  8 rats
52 creatures vanquished.

Notes
Turn   | Place    | Note
-------+----------+-------------------------------------------
     0 | D:1      | croobank the Demonspawn Ice Elementalist began the quest
                  | for the Orb.
     0 | D:1      | Reached XP level 1. HP: 13/13 MP: 3/3
   177 | D:1      | You fall into a shaft and drop 1 floor!
   241 | D:2      | Gained mutation: You are partially covered in sharp spines.
                  | [demonic ancestry]
   241 | D:2      | Reached XP level 2. HP: 19/19 MP: 1/5
   637 | D:1      | Gained mutation: You are partially covered in yellow
                  | scales. (AC +2) [demonic ancestry]
   637 | D:1      | Reached XP level 3. HP: 25/25 MP: 4/6
  1263 | D:1      | Found Diro's Antique Weapon Shoppe.
  1582 | D:2      | Learned a level 3 spell: Frozen Ramparts
  1611 | D:2      | Reached skill level 1 in Fighting
  2077 | D:2      | Reached XP level 4. HP: 32/32 MP: 2/7
  2127 | D:2      | Identified the +5 dagger of the Shark {vamp, rC- rN+ Will+
                  | Int+3}
  2274 | D:3      | Reached skill level 4 in Ice Magic
  2287 | D:3      | Noticed Grinder
  2296 | D:3      | Mangled by Grinder

Illustrated notes

Levels and vault maps discovered:
D:1:      dpeg_arrival_more_subterranean_lakeside_camping, layout_basic,
          serial_shops, shop_fountains
D:2:      kennysheep_six_static_rooms, layout_loops_ring,
          nicolae_underground_beach
D:3:      layout_rooms, mainiacjoe_overflow_chevrons, kennysheep_generic_room_6,
          uniq_grinder

Skill      XL: |  1  2  3  4 |
---------------+-------------+-----
Dodging        | 2 |  2.4
Stealth        | 2 |  2.5
Fighting       | 1 |  1.3
Ice Magic      | 4 |  4.0
Spellcasting   | |  2.6

Action                     |  1- 3 |  4- 6 || total
---------------------------+-------+-------++-------
  Melee: Dagger            |    30 |    13 ||    43
   Cast: Freeze            |    40 |     2 ||    42
    Use: Scroll            |     3 |       ||     3
         Potion            |       |     1 ||     1
   Stab: Sleeping          |     7 |     1 ||     8
 Armour: Robe              |     6 |       ||     6
  Dodge: Dodged            |    19 |     3 ||    22
